 Dungeon Crawl Stone Soup version 0.17-a0-2127-g1cb09f6 (webtiles) character file.

2 4thArraOfDagon the Digger (level 1, -9/16 HPs)
             Began as a Troll Earth Elementalist on Oct 23, 2015.
             Killed by divine providence
             ... invoked by an orc priest
              (13 damage)
             ... on level 3 of the Dungeon.
             The game lasted 00:00:52 (148 turns).

4thArraOfDagon the Digger (Troll Earth Elementalist) Turns: 148, Time: 00:00:53

Health: -9/16      AC:  5    Str: 15    XL:     1   Next: 25%
Magic:  1/1        EV:  9    Int: 11    God:
Gold:   14         SH:  0    Dex: 10    Spells: 1 memorised, 1 level left

rFire  . . .     SeeInvis .     (no weapon)
rCold  . . .     Clarity  .     b - +0 robe
rNeg   . . .     SustAt   .     (no shield)
rPois  .         Gourm    +     (helmet restricted)
rElec  .         Spirit   .     (no cloak)
rCorr  .         Warding  .     (gloves unavailable)
rMut   .         Stasis   .     (boots unavailable)
MR     .....                    (no amulet)
Stlth  +.........               (no ring)
                                (no ring)

@: not resistant to hostile enchantments, very unstealthy
A: unfitting armour, claws 3, fast metabolism 3, gourmand, regeneration 2,
shaggy fur 1, tough skin 2
a: no special abilities


You were on level 3 of the Dungeon.
You were full.

You visited 1 branch of the dungeon, and saw 3 of its levels.

You collected 14 gold pieces.

Inventory:

Missiles
 a - 20 stones (quivered)
Armour
 b - a +0 robe (worn)
Scrolls
 e - 2 scrolls of enchant armour {unknown}
 h - a scroll of remove curse {unknown}
 i - a scroll of random uselessness {unknown}
 j - 3 scrolls of noise {unknown}
Potions
 k - a potion of curing {unknown}
Books
 c - a book of Geomancy

   Spells                             Type                      Level
   a - Sandblast                      Earth                        1
   b - Stoneskin                      Transmutation/Earth          2
   c - Passwall                       Transmutation/Earth          3
   d - Stone Arrow                    Conjuration/Earth            3
   e - Petrify                        Transmutation/Earth          4
   f - Lee's Rapid Deconstruction     Earth                        5
Comestibles
 d - 2 bread rations
 f - a meat ration


   Skills:
 - Level 1.5 Dodging
 - Level 1.1 Stealth
 * Level 0.6 Unarmed Combat
 - Level 1.2 Spellcasting
   Level 0.6 Transmutations
 - Level 2.6 Earth Magic


You had one spell level left.
You knew the following spells:

 Your Spells              Type           Power        Failure   Level  Hunger
a - Sandblast             Erth           #.....       12%         1    ##.....


Dungeon Overview and Level Annotations

Branches:
Dungeon (3/15)

Altars:
Kikubaaqudgha
Yredelemnul


Innate Abilities, Weirdness & Mutations

You are too large for most types of armour.
You have claws for hands.
Your metabolism is lightning-fast.
You like to eat raw meat.
You heal very quickly.
You are covered in fur (AC +1).
You have very tough skin (AC +2).


Message History

You claw the spectral orc!
You destroy the spectral orc!
The orc hits you but does no damage.
Unknown command.
The orc evades a web.
Unknown command.
Unknown command.
The goblin is caught in a web!
Unknown command.
Read which item? (? for menu, Esc to quit)
As you read the scroll labeled YMOYPR WEWAELL, it crumbles to dust.
It is a scroll of recharging.
You aren't carrying any rechargeable items.
The goblin pulls away from the web.
The orc hits you with a falchion!
Ouch! That really hurt!
* * * LOW HITPOINT WARNING * * *
The orc priest calls down the wrath of Beogh upon you.
Something smites you!
Ouch! That really hurt!
You die...

#......$...#
#.....oo...#
#..........#
#..###o###.#
#.# ##'## ##
## ##gK^##
#^...^#
##o.^##
#@^_.^#
#######


You could see an orc priest, 3 orcs, a goblin and a kobold.

Vanquished Creatures
  A hobgoblin (D:2)
  A spectral orc (D:3)
2 creatures vanquished.

Notes
Turn   | Place    | Note
--------------------------------------------------------------
     0 | D:1      | 4thArraOfDagon the Troll Earth Elementalist began the quest for the Orb.
     0 | D:1      | Reached XP level 1. HP: 16/16 MP: 1/1
    23 | D:1      | You fall through a shaft!
   110 | D:2      | Found an ancient bone altar of Kikubaaqudgha.
   124 | D:3      | Noticed an orc priest
   124 | D:3      | Noticed an orc wizard
   124 | D:3      | Noticed an orc wizard
   139 | D:3      | Found a basalt altar of Yredelemnul.
   148 | D:3      | Killed from afar by an orc priest

Vault maps used:
D:1:      erik_arrival_cave_to_civilisation, kennysheep_boxes
D:2:      lemuel_crystal_altar, kiku_gazebo_pond_becter
D:3:      yredelemnul_forgotten_temple_becter, dk_vineyard_2

Action                   || total
-------------------------++-------
Melee: Unarmed           ||     5
  Use: Scroll            ||     1
  Eat: Chunk             ||     3
